 Dungeon Crawl Stone Soup version 0.26.0-16-gc1dbca0489 (webtiles) character file.

Game seed: 5759492321253724459

1238 thiole the Sneak (level 8, -7/46 HPs)
             Began as an Octopode Hedge Wizard on Jan 19, 2021.
             Mangled by an orc warrior
             ... wielding a cursed +0 trident
              (13 damage)
             ... on level 5 of the Dungeon.
             The game lasted 00:13:20 (7878 turns).

thiole the Sneak (Octopode Hedge Wizard)            Turns: 7878, Time: 00:13:21

Health: -7/46      AC:  2    Str: 10    XL:     8   Next: 49%
Magic:  2/15       EV: 13    Int: 18    God:
Gold:   227        SH:  0    Dex: 11    Spells: 7/16 levels left

rFire    . . .     SeeInvis .   a - +1 dagger
rCold    . . .     Faith    .   (no shield)
rNeg     . . .     Spirit   .   b - +1 hat
rPois    .         Reflect  .   (no amulet)
rElec    .         Harm     .   (no ring)
rCorr    .         Rampage  .   (no ring)
Will     .....                  (no ring)
Stlth    ++++......             (no ring)
HPRegen  0.15/turn              (no ring)
MPRegen  0.14/turn              (no ring)
                                (no ring)
                                (no ring)

@: no status effects
A: almost no armour, stealthy swim, amphibious, 8 rings, constrict 8, camouflage
1, gelatinous body 1
a: no special abilities


You were on level 5 of the Dungeon.
You visited 1 branch of the dungeon, and saw 5 of its levels.

You collected 227 gold pieces.

Inventory:

Hand Weapons
 a - a +1 dagger (weapon)
Armour
 b - a +1 hat (worn)
 n - a +0 kite shield
Wands
 p - a wand of iceblast (9)
 r - a wand of polymorph (10)
Scrolls
 f - 4 scrolls of enchant weapon
 h - 2 scrolls of identify {unknown}
 i - 4 scrolls of teleportation {unknown}
 j - a scroll of blinking {unknown}
 k - a scroll of noise {unknown}
 l - 2 scrolls of magic mapping {unknown}
 m - a scroll of amnesia {unknown}
Potions
 c - a potion of might
 d - a potion of magic {unknown}
 e - 2 potions of invisibility {unknown}
 g - a potion of degeneration {unknown}
 o - a potion of heal wounds {unknown}
 q - a potion of attraction {unknown}
 s - a potion of flight {unknown}
 t - a potion of curing


   Skills:
 - Level 2.0 Dodging
 + Level 6.5 Stealth
 + Level 3.7 Shields
 + Level 4.8 Spellcasting
 - Level 2.0 Conjurations
 - Level 2.0 Summonings
 - Level 1.0 Translocations
 * Level 1.8 Ice Magic
 * Level 4.5 Air Magic
 - Level 4.0 Poison Magic


You had 7 spell levels left.
You knew the following spells:

 Your Spells              Type           Power        Failure   Level
a - Magic Dart            Conj           44%          6%          1
b - Call Imp              Summ           11%          9%          2
c - Mephitic Cloud        Conj/Pois/Air  17%          10%         3
d - Ozocubu's Armour      Ice            10%          19%         3

Your spell library contained the following spells:

 Spells                   Type           Power        Failure   Level
 Freeze                   Ice            40%          6%          1
 Blink                    Tloc           N/A          14%         2
 Frozen Ramparts          Ice            20%          19%         3
 Slow                     Hex            4%           21%         2
 Conjure Flame            Conj/Fire      7%           26%         3
 Hailstorm                Conj/Ice       11%          52%         4
 Summon Ice Beast         Ice/Summ       11%          52%         4
 Iskenderun's Battlesphe  Conj           11%          86%         5
 Bolt of Magma            Conj/Fire/Erth 3%           96%         5
 Iron Shot                Conj/Erth      3%           100%        6
 Orb of Destruction       Conj           5%           100%        7
 Spellforged Servitor     Conj/Summ      5%           100%        7


Dungeon Overview and Level Annotations

Branches:
Dungeon (5/15)
 Temple: D:4-7

Altars:
Nemelex Xobeh
Trog
Yredelemnul


Innate Abilities, Weirdness & Mutations

You cannot wear most types of armour.
You are very stealthy in the water. (Stealth+)
You are amphibious.
You can wear up to eight rings at the same time.
You can use your tentacles to constrict eight enemies at once.
Your skin changes colour to match your surroundings (Stealth+).
Your rubbery body absorbs attacks. (AC +1, EV +1)


Message History

The orc warrior is moderately wounded.
You constrict the orc warrior, but do no damage.
The orc warrior hits you with a cursed +0 trident!
* * * LOW HITPOINT WARNING * * *
You hit the orc warrior but do no damage.
Your squeeze misses the orc warrior.
The orc warrior is moderately wounded.
You constrict the orc warrior, but do no damage.
The orc warrior barely misses you.
You hit the orc warrior but do no damage.
You squeeze the orc warrior.
The orc warrior is moderately wounded.
You constrict the orc warrior.
The orc warrior hits you with a cursed +0 trident.
* * * LOW HITPOINT WARNING * * *
You barely miss the orc warrior.
The orc warrior is heavily wounded.
You constrict the orc warrior.
The orc warrior hits you with a cursed +0 trident!
You die...

## #.
######################.
.......................
#.........######.....
#######.###.###.# #.##..
........###.###.######.#...
......(..o@......(.........
#...###.##############.#<..
# #.# #.##.. ###.######
#...). #........# ####.#
#####........# #..
#.5.#........# ###
#.#.#..o.....#
#5#..........# #######


You could see an orc warrior.

Vanquished Creatures
  Grinder (D:3)
  Sigmund (D:2)
  An orc warrior (D:4)
  An ogre (D:5)
  A bullfrog (D:2)
  A jelly (D:5)
  3 orc priests
  An orc wizard (D:3)
  Natasha (thrice) (D:2)
  An iguana (D:4)
  6 worker ants
  A worker ant zombie (D:5)
  4 gnolls (D:4)
  10 adders
  2 oozes
  An adder skeleton (D:5)
  4 worms (D:2)
  6 dart slugs
  2 leopard geckos
  8 orcs
  4 giant cockroaches
  9 goblins
  9 hobgoblins
  2 quokkas
  3 ball pythons
  10 bats
  3 frilled lizards
  6 kobolds
  A leopard gecko skeleton (D:4)
  9 rats
114 creatures vanquished.

Vanquished Creatures (collateral kills)
  An ice beast (D:5)
  An ogre (D:5)
  A gnoll (D:4)
  An ooze (D:4)
  A dart slug (D:4)
  A quokka (D:4)
  A quokka skeleton (D:5)
7 creatures vanquished.

Grand Total: 121 creatures vanquished

Notes
Turn   | Place    | Note
-------+----------+-------------------------------------------
     0 | D:1      | thiole the Octopode Hedge Wizard began the quest for the
                  | Orb.
     0 | D:1      | Reached XP level 1. HP: 11/11 MP: 4/4
   179 | D:1      | Reached XP level 2. HP: 3/17 MP: 3/6
   530 | D:1      | Reached skill level 3 in Stealth
   731 | D:1      | Reached XP level 3. HP: 21/21 MP: 3/7
  1636 | D:2      | Learned a level 2 spell: Call Imp
  1640 | D:2      | Learned a level 3 spell: Mephitic Cloud
  1840 | D:2      | Noticed Natasha
  1851 | D:2      | Killed Natasha
  1852 | D:2      | Reached skill level 1 in Poison Magic
  1852 | D:2      | Reached XP level 4. HP: 27/27 MP: 0/9
  1923 | D:2      | Reached skill level 1 in Air Magic
  2016 | D:2      | Noticed a bullfrog
  2025 | D:2      | Killed a bullfrog
  2026 | D:2      | Reached skill level 1 in Shields
  2026 | D:2      | Reached XP level 5. HP: 19/31 MP: 6/10
  2196 | D:2      | Noticed Natasha
  2210 | D:2      | Killed Natasha
  2211 | D:2      | Reached skill level 4 in Stealth
  3113 | D:2      | Noticed Sigmund
  3343 | D:2      | Reached XP level 6. HP: 28/36 MP: 11/11
  3699 | D:2      | Killed Sigmund
  3907 | D:2      | Noticed Natasha
  3916 | D:2      | Killed Natasha
  4107 | D:2      | Reached XP level 7. HP: 40/41 MP: 12/12
  4908 | D:3      | Reached skill level 5 in Stealth
  5208 | D:3      | Noticed Grinder
  5221 | D:3      | Killed Grinder
  5717 | D:4      | HP: 1/41 [gnoll/+0 club (7)]
  6311 | D:4      | Reached XP level 8. HP: 41/46 MP: 14/14
  6343 | D:4      | Reached skill level 6 in Stealth
  6757 | D:4      | Learned a level 3 spell: Ozocubu's Armour
  6821 | D:4      | Found a basalt altar of Yredelemnul.
  6901 | D:4      | Found a bloodstained altar of Trog.
  7157 | D:5      | Entered Level 5 of the Dungeon
  7209 | D:5      | Reached skill level 1 in Ice Magic
  7321 | D:5      | Found a sparkling altar of Nemelex Xobeh.
  7878 | D:5      | Mangled by an orc warrior

Illustrated notes

Levels and vault maps discovered:
D:1:      tarquinn_simple_flora_water_c, layout_loops_ring,
          minmay_split_cup_small
D:2:      layout_basic, serial_corexii_hall, corexii_hall_statues_t,
          chequers_hall_statues_y, corexii_hall_statues_u,
          corexii_hall_statues_u, kennysheep_small_spiral, uniq_sigmund,
          uniq_natasha
D:3:      layout_basic, uniq_grinder
D:4:      minmay_bubble_buster, layout_basic, bloody_trog, old_standard_altar,
          serial_corexii_hall, chequers_hall_statues_wall_a,
          corexii_hall_statues_s
D:5:      layout_basic, nemelex_xobeh_ov_fountains_minmay, serial_shops, shop

Skill      XL: |  1  2  3  4  5  6  7  8 |
---------------+-------------------------+-----
Stealth        | 3 4 5 6 |  6.5
Conjurations   | 2 |  2.0
Summonings     | 2 |  2.0
Poison Magic   | 1 2 3 4 |  4.0
Air Magic      | 1 2 3 4 |  4.5
Shields        | 1 2 3 |  3.7
Spellcasting   | 4 |  4.8
Ice Magic      | 1 |  1.8
Dodging        | |  2.0
Translocations | |  1.0

Action                   |  1- 3 |  4- 6 |  7- 9 || total
-------------------------+-------+-------+-------++-------
Melee: Dagger            |    39 |    63 |   120 ||   222
       Constrict         |    10 |    15 |    24 ||    49
       Tentacles         |     5 |    10 |    25 ||    40
 Cast: Magic Dart        |    78 |    48 |   123 ||   249
       Call Imp          |       |       |    33 ||    33
       Mephitic Cloud    |       |       |     1 ||     1
  Use: Scroll            |       |     3 |       ||     3
       Potion            |       |       |     2 ||     2
 Stab: Sleeping          |       |     6 |     4 ||    10
       Distracted        |       |       |     1 ||     1
Armor: Skin              |     2 |     2 |     7 ||    11
Dodge: Dodged            |    24 |    21 |    64 ||   109
